 Dungeon Crawl Stone Soup version 0.18-a0-1180-g64ccc1e (webtiles) character file.

4531 kae the Cleaver (level 10, -5/97 HPs)
             Began as a Hill Orc Fighter on Jan 27, 2016.
             Was an Initiate of Makhleb.
             Slain by a large slime creature (37 damage)
             ... on level 9 of the Dungeon.
             The game lasted 00:09:13 (7889 turns).

kae the Cleaver (Hill Orc Fighter)                  Turns: 7889, Time: 00:09:13

Health: -5/97      AC: 11    Str: 23    XL:     10   Next: 39%
Magic:  10/10      EV: 11    Int:  8    God:    Makhleb [......]
Gold:   361        SH:  0    Dex: 10    Spells: 0 memorised, 9 levels left

rFire  x x .     SeeInvis .     s - +2 hand axe (freeze)
rCold  + + +     Gourm    .     y - +6 leather armour of Free Expression {rPois rF- rC+++ rCorr}
rNeg   . . .     Faith    .     (no shield)
rPois  +         Spirit   .     (no helmet)
rElec  .         Dismiss  .     (no cloak)
rCorr  +         Reflect  .     l - +1 pair of gloves
SustAt .         Harm     .     (no boots)
MR     .....                    t - amulet of regeneration
Stlth  +.........               (no ring)
                                b - ring of ice

@: drained, not resistant to hostile enchantments, very unstealthy
A: no striking features
a: Renounce Religion


You were on level 9 of the Dungeon.
You worshipped Makhleb.
Makhleb was noncommittal.
You were hungry.

You visited 2 branches of the dungeon, and saw 10 of its levels.

You collected 361 gold pieces.

Inventory:

Hand Weapons
 a - a +0 war axe
 s - a +2 hand axe of freezing (weapon)
Armour
 c - a +0 shield
 g - a +2 ring mail of fire resistance
 l - a +1 pair of gloves (worn)
 y - the +6 leather armour of Free Expression (worn) {rPois rF- rC+++ rCorr}
   (You found it on level 7 of the Dungeon)

   It makes you vulnerable to fire.
   It renders you almost immune to cold.
   It protects you from poison.
   It protects you from acid and corrosion.
Jewellery
 b - a ring of ice (left hand)
 t - an amulet of regeneration (around neck)
 x - an uncursed ring of ice
Wands
 k - a wand of slowing (10/48)
 z - a wand of disintegration (8/24)
 D - a wand of confusion (22/48)
 H - a wand of confusion (20/48)
 I - a wand of polymorph (18/24)
Scrolls
 h - 2 scrolls of amnesia
 j - 2 scrolls of identify
 m - 3 scrolls of remove curse
 o - 4 scrolls of teleportation
 q - 4 scrolls of fear
 v - 2 scrolls of enchant weapon
Potions
 d - a potion of ambrosia
 e - 7 potions of curing
 r - 2 potions of invisibility
 u - a potion of agility
 A - a potion of flight
 B - a potion of mutation
 C - a potion of berserk rage
 E - a potion of brilliance {unknown}
 F - a potion of heal wounds {unknown}
 G - a potion of lignification {unknown}
Comestibles
 f - 5 bread rations
 n - 2 meat rations
 p - 2 beef jerkies
 w - a fruit


   Skills:
 + Level 12.1(11.9) Fighting
 - Level 14.0(13.8) Axes
 - Level 3.2(3.1) Armour
 - Level 3.2(3.1) Shields


You had 9 spell levels left.
You didn't know any spells.

Dungeon Overview and Level Annotations

Branches:
Dungeon (9/15)             Temple (1/1) D:4
   Lair: D:8-11         Orc: D:9-12

Altars:
Ashenzari
Cheibriados
Dithmenos
Elyvilon
Fedhas
Gozag
Kikubaaqudgha
Makhleb
Nemelex Xobeh
Okawaru
Pakellas
Qazlal
Ru
Sif Muna
Trog
Vehumet
Xom
Yredelemnul
Zin
The Shining One


Message History

The large slime creature completely misses you.
You hit the large slime creature. You freeze the large slime creature.
The large slime creature is moderately wounded.
You slash the large slime creature! You freeze the large slime creature.
The large slime creature is moderately wounded.
The large slime creature hits you.
You hit the large slime creature. You freeze the large slime creature.
The large slime creature is heavily wounded.
You hit the large slime creature. You freeze the large slime creature.
The large slime creature is heavily wounded.
The large slime creature hits you.
You hit the large slime creature but do no damage.
The large slime creature is heavily wounded.
The large slime creature hits you!
You slash the large slime creature! You freeze the large slime creature.
The large slime creature is severely wounded.
You hit the large slime creature. You freeze the large slime creature.
The large slime creature is severely wounded.
The large slime creature hits you!!!
You die...

######## ##########
#....... #........#
#....... +........###
#....... #........'.#
#.......
#........#.###.......
####'#####...'.......
#@# #####.......
####J# #.......
#..oo# ####+###
#o#### #(# ####+#
###o# #..... #)oo#
#..... $oooJ..###
#.....


ooooooo +..... You could see a large slime creature and 2 orcs.

Vanquished Creatures
  A hill giant (D:8)
  The ghost of Azzok the Slicer, a novice MiFi of Trog (D:5)
  A hungry ghost (D:8)
  A wyvern (D:8)
  Grum (D:8)
  The ghost of derval the Charmwright, an amateur MfSk (D:3)
  2 wolves (D:8)
  A water moccasin (D:8)
  Duvessa (D:7)
  Purgy (D:4)
  2 ice beasts
  A sky beast (D:3)
  2 phantoms
  2 ogres
  3 centaurs
  A big kobold (D:8)
  2 giant frogs
  A water moccasin skeleton (D:9)
  Dowan (D:7)
  8 wights
  6 crimson imps
  A centaur zombie (D:5)
  5 hounds
  2 giant frog zombies
  A gnoll shaman (D:4)
  5 orc wizards
  4 orc priests
  A jelly (D:8)
  4 iguanas
  5 worker ants
  6 gnolls (D:4)
  11 adders
  A worm (D:2)
  5 giant geckos
  29 orcs
  2 ball pythons
  5 giant cockroaches
  10 hobgoblins
  4 jackals
  5 bats
  A giant gecko skeleton (D:4)
  2 giant newts
  4 goblins (D:1)
  11 kobolds
  A quokka zombie (D:8)
  6 rats
171 creatures vanquished.

Notes
Turn   | Place    | Note
--------------------------------------------------------------
     0 | D:1      | kae the Hill Orc Fighter began the quest for the Orb.
     0 | D:1      | Reached XP level 1. HP: 19/19 MP: 1/1
    52 | D:1      | You fall through a shaft!
    95 | D:1      | Reached XP level 2. HP: 26/26 MP: 2/2
   236 | D:1      | Reached skill level 4 in Axes
   414 | D:1      | Reached XP level 3. HP: 29/31 MP: 3/3
  1391 | D:2      | Reached skill level 5 in Axes
  1549 | D:2      | Found a deep blue altar of Sif Muna.
  1631 | D:3      | Found a faded altar to an unknown god.
  1665 | D:3      | Reached skill level 6 in Axes
  1665 | D:3      | Reached XP level 4. HP: 7/39 MP: 4/4
  1809 | D:3      | Noticed derval's ghost (amateur MfSk)
  1820 | D:2      | Found an oddly glowing altar of Pakellas.
  1820 | D:2      | Found a sparkling altar of Nemelex Xobeh.
  2004 | D:3      | Noticed a sky beast
  2021 | D:3      | Killed a sky beast
  2021 | D:3      | Reached skill level 7 in Axes
  2021 | D:3      | Reached XP level 5. HP: 12/45 MP: 5/5
  2403 | D:3      | Killed derval's ghost
  2403 | D:3      | Reached skill level 8 in Axes
  2403 | D:3      | Reached XP level 6. HP: 51/51 MP: 6/6
  2634 | D:3      | Reached skill level 9 in Axes
  3139 | D:4      | Found a basalt altar of Yredelemnul.
  3250 | D:4      | Reached XP level 7. HP: 49/57 MP: 7/7
  3316 | D:4      | Noticed Purgy
  3327 | D:4      | Killed Purgy
  3327 | D:4      | Reached skill level 10 in Axes
  3482 | D:4      | Reached skill level 11 in Axes
  3621 | D:4      | Found a staircase to the Ecumenical Temple.
  3689 | Temple   | Entered the Ecumenical Temple
  4083 | D:5      | Entered Level 5 of the Dungeon
  4100 | D:5      | Reached XP level 8. HP: 39/64 MP: 8/8
  4308 | D:5      | Reached skill level 12 in Axes
  4528 | D:5      | Noticed Azzok's ghost (novice MiFi)
  4704 | D:5      | Killed Azzok's ghost
  4704 | D:5      | Reached skill level 13 in Axes
  5063 | D:6      | Reached skill level 14 in Axes
  5063 | D:6      | Reached XP level 9. HP: 70/70 MP: 9/9
  5132 | D:6      | Found an iron altar of Okawaru.
  5466 | D:7      | Reached skill level 5 in Fighting
  5497 | D:7      | Found an ancient bone altar of Kikubaaqudgha.
  5499 | D:7      | Found a blossoming altar of Fedhas.
  5723 | D:7      | Got an ancient leather armour
  5734 | D:7      | Identified the +6 leather armour of Free Expression {rPois rF- rC+++ rCorr} (You found it on level 7 of the Dungeon)
  5768 | D:7      | Found a sacrificial altar of Ru.
  5769 | D:7      | Noticed Dowan
  5770 | D:7      | Noticed Duvessa
  5783 | D:7      | Killed Dowan
  5790 | D:7      | Killed Duvessa
  6535 | D:8      | Noticed a hill giant
  6554 | D:8      | Killed a hill giant
  6554 | D:8      | Reached skill level 10 in Fighting
  6554 | D:8      | Reached XP level 10. HP: 66/94 MP: 10/10
  6621 | D:8      | Noticed Grum
  6640 | D:8      | Killed Grum
  6774 | D:8      | Found an opulent altar of Gozag.
  6775 | D:8      | Found a glowing silver altar of Zin.
  7400 | D:8      | Found a burning altar of Makhleb.
  7401 | D:8      | Found a radiant altar of Vehumet.
  7538 | D:8      | Became a worshipper of Makhleb the Destroyer
  7666 | D:9      | Found a stormy altar of Qazlal.
  7889 | D:9      | Slain by a large slime creature

Vault maps used:
D:1:      dpeg_arrival_brainrot
D:2:      marbit_many_paths, nicolae_overflow_hidden_temple, first_bread,
          grunt_decor_mini_mirrors
D:3:      ecumenical_altar_2
D:4:      lemuel_doored_altar, temple_fountains, serial_bayou,
          serial_bayou_pond_c, serial_bayou_shore_b, serial_bayou_pond_e,
          serial_bayou_pond_c, hangedman_decor_riveting, uniq_purgy
D:6:      overflow_temple_1_default
D:7:      grunt_temple_overflow_growth_and_decay, basic_altar, uniq_duvessa
D:8:      grunt_temple_overflow_gold_and_silver,
          grunt_temple_overflow_lords_of_destruction, uniq_grum
D:9:      grunt_qazlal_sundering, uniq_psyche, uniq_erolcha
Temple:   zaba_magenta_temple_8

Action                   |  1- 3 |  4- 6 |  7- 9 | 10-12 || total
-------------------------+-------+-------+-------+-------++-------
Melee: War axe           |    96 |   108 |       |       ||   204
       Hand axe          |       |    30 |   420 |   141 ||   591
       Unarmed           |       |       |     3 |       ||     3
Evoke: Wand              |       |       |       |     1 ||     1
  Use: Potion            |     1 |       |       |       ||     1
       Scroll            |       |     6 |    13 |     1 ||    20
  Eat: Chunk             |     2 |     6 |    10 |     4 ||    22
       Fruit             |       |       |       |     2 ||     2
